 Dungeon Crawl Stone Soup version 0.31-a0-806-g0bc164a743 (webtiles) character file.

Game seed: 6495767127578347750

3759 CrazyBamboolord the Changeling (level 10, -10/77 HPs)
             Began as a Human Shapeshifter on Sept 21, 2023.
             Mangled by an ogre
             ... wielding a +0 giant club
              (24 damage)
             ... on level 6 of the Dungeon.
             The game lasted 00:11:03 (5921 turns).

CrazyBamboolord the Changeling (Human Shapeshifter) Turns: 5921, Time: 00:11:03

Health: -10/77     AC:  8    Str: 24    XL:     10   Next: 37%
Magic:  10/10      EV: 13    Int: 11    God:
Gold:   351        SH:  0    Dex: 13    Spells: 9/9 levels left

rFire   . .          .
                       - Unarmed
rCold   . . .        (shield currently unavailable)
rNeg    . . .        h - +0 ring mail
rPois   +            i - +1 helmet
rElec   .            (no cloak)
rCorr   .            (no gloves)
SInv    .            o - +0 pair of boots
Will    .....        f - amulet of regeneration
Stlth   +            g - +6 ring of strength
HPRegen 1.12/turn    s - ring of poison resistance
MPRegen 0.12/turn

%: no passive effects
@: flux-form, glowing
A: glow, contaminating
a: Begin Untransformation


You were on level 6 of the Dungeon.
You were something dangerously unstable.
You visited 1 branch of the dungeon, and saw 7 of its levels.

You collected 351 gold pieces.

Inventory:

Armour
 h - a +0 ring mail (worn)
 i - a +1 helmet (worn)
 o - a +0 pair of boots (worn)
Jewellery
 f - an amulet of regeneration (around neck)
 g - a +6 ring of strength (left hand)
 j - a +6 ring of intelligence
 l - a ring of flight
 s - a ring of poison resistance (right hand)
Talismans
 c - a beast talisman
 d - a flux talisman (active)
Wands
 k - a wand of mindburst (11)
Scrolls
 a - 4 scrolls of vulnerability
 e - a scroll of fog
 m - 2 scrolls of poison
 r - a scroll of blinking {unknown}
Potions
 b - a potion of enlightenment
 n - 2 potions of mutation
 q - a potion of attraction {unknown}
 t - a potion of magic {unknown}


   Skills:
 + Level 6.6 Fighting
 + Level 6.8 Dodging
 - Level 6.0 Stealth
 - Level 7.0 Unarmed Combat
 - Level 7.0 Shapeshifting


You had 9 spell levels left.
You didn't know any spells.
Your spell library contained the following spells:

 Spells                   Type           Power      Damage    Failure   Level
 Scorch                   Fire           0%         2d5       63%         2
 Ozocubu's Armour         Ice            0%         N/A       86%         3
 Flame Wave               Conj/Fire      0%         2d4       99%         4
 Metabolic Englaciation   Hex/Ice        0%         N/A       100%        5
 Simulacrum               Ice/Necr       0%         N/A       100%        6
 Summon Cactus Giant      Summ           0%         N/A       100%        6


Dungeon Overview and Level Annotations

Branches:
Dungeon (7/15)
 Temple: D:4-7

Altars:
Uskayaw
The Shining One

Shops:
D:4 *

Annotations:
D:3 2 transporters, ouz's ghost, amateur FoFi


Message History

You are too injured to fight recklessly!
The ogre attacks as it pursues you! The ogre hits you with a +0 giant club!
You see here a killer bee corpse.
There is an open door here.
There is an open door, spattered with blood here.
Items here: (( ))))))) [ | †.
Things that are here:
a +0 club; a kobold corpse
There is a stone staircase leading up, spattered with blood here.
You climb upwards.
There is a stone staircase leading down, spattered with blood here.
You start resting.
HP restored.
You climb downwards.
The ogre closely misses you. The troll bites you. The troll misses you.
The troll barely misses you.
There is a stone staircase leading up, spattered with blood here.
The troll bites you! The troll barely misses you. The troll claws you!
The ogre closely misses you.
You climb upwards.
There is a stone staircase leading down, spattered with blood here.
Unknown command.
You barely miss the ogre. The troll closely misses you.
The troll misses you. x2
You barely miss the ogre. The ogre barely misses you.
The troll bites you but does no damage. The troll claws you but does no damage.
The troll closely misses you.
You hit the ogre.
The ogre begins to glow.
The ogre is lightly wounded.
The troll bites you! The troll claws you but does no damage.
The troll claws you.
The ogre hits you with a +0 giant club!!
* * * LOW HITPOINT WARNING * * *
You hit the ogre but do no damage.
The ogre glows dangerously bright.
The ogre is lightly wounded.
The troll closely misses you. The troll barely misses you. The troll claws you.
* * * LOW HITPOINT WARNING * * *
Okay, then.
This is a scroll of acquirement!
Something appears at your feet!
The ogre hits you with a +0 giant club!!
You die...

#.............###............)...
..).....#.....# ###...##......#..
.......###....# ##....#......#..
..#..###.....#####..#..#......##.
..##......##..##...##............
####.......#......###...........#
# ####....##.#.....###..........
####.#....###.#TO##.#.....##.....
..#..##.#####...p##...#....#.....
.....#...###...###.......####....
................###.........#....
......#....#...).###.###)........
##....##...##..#))...##.))...##..
##.........##.)###..##.)[....##.
###..##....#....#...........####
#.....#....#....##..........####
##...###...#.....####............


You could see a troll and an ogre (heavy contam).

Vanquished Creatures
  Pikel (D:3)
  A troll (D:6)
  Grinder (D:4)
  A wyvern (D:6)
  6 yaks (D:4)
  A steam dragon (D:7)
  A water moccasin (D:6)
  A black bear (D:6)
  2 centaurs
  A lemure (D:3)
  A kobold brigand (D:7)
  A bullfrog (D:7)
  4 scorpions
  A water moccasin zombie (D:6)
  2 killer bees (D:7)
  The ghost of GordonOverkill the Sneak, a weakling DEDe (D:6)
  A bullfrog zombie (D:6)
  A centaur zombie (D:6)
  4 orc priests
  A bullfrog skeleton (D:6)
  A gnoll bouda (D:6)
  4 hounds
  3 iguanas
  Natasha (thrice) (D:4)
  2 orc wizards
  A killer bee zombie (D:6)
  9 gnolls
  A howler monkey zombie (D:6)
  5 adders
  A howler monkey skeleton (D:6)
  A white imp (D:6)
  3 worms
  A dart slug (D:3)
  23 orcs
  2 ball pythons
  5 endoplasms
  2 giant cockroaches
  A goblin (D:2)
  5 hobgoblins
  11 kobolds
  4 quokkas
  6 bats
  2 frilled lizards
  5 rats
134 creatures vanquished.

Notes
Turn   | Place    | Note
-------+----------+-------------------------------------------
     0 | D:1      | CrazyBamboolord the Human Shapeshifter began the quest for
                  | the Orb.
     0 | D:1      | Reached XP level 1. HP: 15/15 MP: 1/1
   127 | D:1      | Reached XP level 2. HP: 21/21 MP: 2/2
   671 | D:2      | Reached XP level 3. HP: 17/26 MP: 3/3
  1424 | D:3      | Reached XP level 4. HP: 26/32 MP: 4/4
  1686 | D:3      | Found a transporter.
  1691 | D:3      | Noticed ouz's ghost (amateur FoFi)
  1692 | D:3      | Found a transporter.
  1794 | D:3      | Found a glowing golden altar of the Shining One.
  1967 | D:4      | Identified the +0 robe of the Furies {rPois Str+2}
  1977 | D:4      | Noticed Pikel
  1977 | D:4      | Noticed a lemure
  1977 | D:4      | Noticed a lemure
  1977 | D:4      | Noticed a lemure
  1978 | D:4      | Noticed a lemure
  2000 | D:3      | Killed a lemure
  2063 | D:3      | Killed Pikel
  2064 | D:3      | Reached skill level 1 in Stealth
  2064 | D:3      | Reached XP level 5. HP: 20/37 MP: 5/5
  2064 | D:3      | Reached XP level 6. HP: 23/43 MP: 6/6
  2064 | D:3      | Reached XP level 7. HP: 26/48 MP: 7/7
  2184 | D:4      | Found Owi Tig's Overcharged Wands.
  2298 | D:4      | Noticed Grinder
  2302 | D:4      | Paralysed by Grinder for 3 turns
  2316 | D:4      | HP: 2/49 [Grinder/nerve-wracking pain (2)]
  2329 | D:4      | Killed Grinder
  2330 | D:4      | Reached XP level 8. HP: 16/57 MP: 8/8
  2519 | D:4      | Noticed Natasha
  2526 | D:4      | Killed Natasha
  2599 | D:4      | Noticed Natasha
  2608 | D:4      | Killed Natasha
  2977 | D:4      | Noticed Natasha
  2985 | D:4      | Killed Natasha
  3151 | D:5      | Entered Level 5 of the Dungeon
  3166 | D:5      | Noticed a yak
  3166 | D:5      | Noticed a yak
  3166 | D:5      | Noticed a yak
  3167 | D:5      | Noticed a yak
  3167 | D:5      | Noticed a yak
  3167 | D:5      | Noticed a yak
  3182 | D:4      | Killed a yak
  3424 | D:4      | Killed a yak
  3511 | D:4      | Killed a yak
  3512 | D:4      | Reached skill level 5 in Unarmed Combat
  3512 | D:4      | Reached XP level 9. HP: 10/65 MP: 9/9
  3944 | D:4      | Reached skill level 5 in Dodging
  4154 | D:5      | Reached skill level 5 in Stealth
  4583 | D:5      | Found a hide-covered altar of Uskayaw.
  4860 | D:5      | Reached skill level 5 in Fighting
  5166 | D:6      | Reached XP level 10. HP: 74/74 MP: 10/10
  5229 | D:6      | Found a runed translucent door.
  5565 | D:6      | Noticed GordonOverkill's ghost (weakling DEDe)
  5574 | D:6      | Killed GordonOverkill's ghost
  5921 | D:6      | Identified a scroll of acquirement
  5921 | D:6      | Acquired the +2 pair of slick slippers {slick, slippery,
                  | EV+4}
  5921 | D:6      | Found the +2 pair of slick slippers {slick, slippery, EV+4}
  5921 | D:6      | Mangled by an ogre

Illustrated notes

Levels and vault maps discovered:
D:1:      matt_arrival_spirals, layout_rooms
D:2:      layout_rooms
D:3:      layout_rooms, nicolae_tso_swordbearing_angel,
          gammafunk_ghost_mausoleum, grunt_ministairs_13
D:4:      layout_basic, grunt_decor_arrowhead, hangedman_decor_opposing,
          grunt_decor_fettered, nicolae_shop_overcharged_wands, uniq_natasha,
          uniq_grinder, uniq_pikel
D:5:      layout_basic, general_overflow_altar
D:6:      layout_cave_pools, serial_undead, serial_undead_c, serial_undead_c,
          serial_undead_a, serial_undead_f, ebering_ghost_reflecting_pool
D:7:      cheibrodos_fzero, layout_loops_corners,
          gammafunk_temple_overflow_elements, minmay_temple_entry_large_hall,
          uniq_prince_ribbit1, uniq_crazy_yiuf_cottage

Skill      XL: |  1  2  3  4  5  6  7  8  9 10 |
---------------+-------------------------------+-----
Shapeshifting  | 4 7 |  7.0
Stealth        | 1 2 4 5 6 |  6.0
Fighting       | 2 3 5 6 |  6.6
Dodging        | 3 4 5 6 |  6.8
Unarmed Combat | 5 6 7 |  7.0

Action                     |  1- 3 |  4- 6 |  7- 9 | 10-12 || total
---------------------------+-------+-------+-------+-------++-------
  Melee: Unarmed           |   111 |    59 |   303 |   112 ||   585
         Punch             |     3 |       |       |       ||     3
    Use: Potion            |     1 |     2 |     7 |       ||    10
         Scroll            |       |     4 |     6 |     2 ||    12
 Armour: Animal skin       |    32 |       |       |       ||    32
         Ring mail         |    47 |    30 |   201 |    94 ||   372
         Skin              |     5 |    14 |       |       ||    19
  Dodge: Dodged            |    92 |    25 |   151 |    97 ||   365
   Form: Flux              |       |       |     1 |       ||     1

Table legend: (Time is in decaauts)
 A = Elapsed time spent in this place.
 B = Non-inter-level travel time spent in this place.
 C = Inter-level travel time spent in this place.
 D = Time resting spent in this place.
 E = Time spent auto-exploring this place.
 F = Levels seen in this place.
 G = Mean time per level.
                   A        B        C        D        E       F      G
               +--------+--------+--------+--------+--------+-----+--------+
         Total |   5882 |   5612 |    270 |   1074 |   3214 |   7 |  840.3 |
       Dungeon |   5882 |   5612 |    270 |   1074 |   3214 |   7 |  840.3 |
               +--------+--------+--------+--------+--------+-----+--------+

Top non-repeatable levels by time:
     D:4: 1797 daAuts
     D:5: 930 daAuts
     D:6: 826 daAuts
     D:3: 788 daAuts
     D:2: 770 daAuts
     D:1: 586 daAuts
     D:7: 182 daAuts
